 Dungeon Crawl Stone Soup version 0.23-b1-6-ga921848b48 (webtiles) character file.

Game seed: 2648586874517372890

778 Descartes the Insei (level 7, -3/45 HPs)
             Began as an Octopode Transmuter on Feb 2, 2019.
             Slain by Duvessa
             ... wielding a +0 short sword
              (7 damage)
             ... on level 5 of the Dungeon.
             The game lasted 00:20:45 (5846 turns).

Descartes the Insei (Octopode Transmuter)           Turns: 5846, Time: 00:20:47

Health: -3/45      AC:  3    Str:  9    XL:     7   Next: 85%
Magic:  1/11       EV: 14    Int: 18    God:
Gold:   212        SH:  4    Dex: 12    Spells: 6/12 levels left

rFire    . . .     SeeInvis +     - Unarmed
rCold    + . .     Gourm    .   s - +0 buckler
rNeg     . . .     Faith    .   u - +2 hat
rPois    .         Spirit   .   (no amulet)
rElec    .         Reflect  .   l - ring of see invisible
rCorr    .         Harm     .   x - ring of protection from cold
MR       .....                  (no ring)
Stlth    ++........             (no ring)
HPRegen  0.15/turn              (no ring)
MPRegen  0.12/turn              (no ring)
                                (no ring)
                                (no ring)

@: no status effects
A: almost no armour, stealthy swim, amphibious, 8 rings, constrict 8, camouflage
1, gelatinous body 1
a: no special abilities


You were on level 5 of the Dungeon.
You were very hungry.

You visited 1 branch of the dungeon, and saw 5 of its levels.

You collected 212 gold pieces.

Inventory:

Hand Weapons
 b - a +0 hunting sling
 z - the +8 trident of the Octopus King {venom, rElec rPois MR+}
   (You found it on level 5 of the Dungeon)

   It poisons the flesh of those it strikes.
   It insulates you from electricity.
   It protects you from poison.
   It affects your resistance to hostile enchantments.
Missiles
 a - 96 arrows
 e - 93 stones (quivered)
 i - 32 sling bullets
 q - a throwing net
Armour
 s - a +0 buckler (worn)
 u - a +2 hat (worn)
Jewellery
 l - a ring of see invisible (left tentacle)
 x - a ring of protection from cold (right tentacle)
Wands
 w - a wand of flame (1)
Scrolls
 g - a scroll of fog {unknown}
 m - a scroll of noise {unknown}
 n - 2 scrolls of fear {unknown}
 o - a scroll of amnesia {unknown}
 t - 2 scrolls of enchant armour {unknown}
 y - 3 scrolls of teleportation {unknown}
Potions
 d - a potion of flight
 f - 2 potions of might
 h - 2 potions of cancellation
 j - a potion of lignification {unknown}
 k - a potion of invisibility {unknown}
 p - a potion of magic {unknown}
 v - 2 potions of heal wounds {unknown}
 A - a potion of agility {unknown}
Comestibles
 c - 7 rations


   Skills:
 + Level 2.7 Fighting
 + Level 3.3 Dodging
 * Level 2.7 Shields
 * Level 4.9 Unarmed Combat
 + Level 3.1 Spellcasting
 + Level 2.1 Hexes
 * Level 4.5 Transmutations


You had 6 spell levels left.
You knew the following spells:

 Your Spells              Type           Power        Failure   Level  Hunger
a - Beastly Appendage     Tmut           ###...       3%          1    None
b - Sticks to Snakes      Tmut           ###.....     4%          2    ##.....
c - Confuse               Hex            ##......     22%         3    ###....

Your spell library contained the following spells:

 Spells                   Type           Power        Failure   Level  Hunger
 Confusing Touch          Hex            ##....       8%          1    None
 Spider Form              Tmut/Pois      ##........   22%         3    ###....
 Gell's Gravitas          Tloc           #.........   50%         3    ###....
 Ice Form                 Ice/Tmut       ##......     58%         4    ####...
 Petrify                  Tmut/Erth      ##......     58%         4    ####...
 Blade Hands              Tmut           ###.......   63%         5    ######.
 Yara's Violent Unravell  Hex/Tmut       ##........   78%         5    ######.
 Metabolic Englaciation   Hex/Ice        #.........   97%         5    ######.


Dungeon Overview and Level Annotations

Branches:
Dungeon (5/15)
 Temple: D:4-7

Altars:
Makhleb
The Shining One

Shops:
D:5 }[

Annotations:
D:5 Dowan, Duvessa


Innate Abilities, Weirdness & Mutations

You cannot wear most types of armour.
You are very stealthy in the water. (Stealth+)
You are amphibious.
You can wear up to eight rings at the same time.
You can use your tentacles to constrict eight enemies at once.
Your skin changes colour to match your surroundings (Stealth+).
Your rubbery body absorbs attacks. (AC +1, EV +1)


Message History

* * * LOW HITPOINT WARNING * * *
Duvessa hits your adder with a +0 short sword.
Your adder dies!
Duvessa shouts!
Casting: Sticks to Snakes (safe; 4% risk of failure)
Confirm with . or Enter, or press ? or * to list all spells.
You don't have enough magic to cast that spell.
You closely miss Dowan. You grab Dowan.
Your tentacle spike misses Dowan.
Dowan is lightly wounded.
You constrict Dowan. Dowan hits you but does no damage.
You tentacle-slap Dowan.
Dowan is lightly wounded.
You constrict Dowan, but do no damage. Dowan closely misses you.
You tentacle-slap Dowan. You squeeze Dowan.
Dowan is heavily wounded.
Your tentacle spike disappears.
You constrict Dowan. Dowan hits you with a +0 dagger.
* * * LOW HITPOINT WARNING * * *
Duvessa hits you with a +0 short sword!
You die...

#........#
##.......#.
+...)....'.
#........#
##.......#
####.......#
#..'.......#
##.e#.......#
#e@.#.......#
#...#.......#
#...#.......#
#####.......#
#########


You could see Duvessa and Dowan.

Vanquished Creatures
  An ogre (D:5)
  A phantom (D:4)
  Blork the orc (D:4)
  A crimson imp (D:5)
  A hound (D:4)
  2 orc priests
  2 orc wizards (D:4)
  Ijyb (D:3)
  An iguana (D:5)
  3 worker ants
  A howler monkey skeleton (D:4)
  5 adders
  5 gnolls
  An ooze (D:3)
  2 adder skeletons (D:5)
  3 worms
  3 dart slugs (D:1)
  4 leopard geckos
  9 orcs
  3 ball pythons
  A giant cockroach (D:4)
  10 goblins
  9 hobgoblins
  10 jackals
  4 kobolds
  A quokka (D:4)
  7 bats
  4 frilled lizards
  A jackal zombie (D:3)
  8 rats
105 creatures vanquished.

Notes
Turn   | Place    | Note
-------+----------+-------------------------------------------
     0 | D:1      | Descartes the Octopode Transmuter began the quest for the
                  | Orb.
     0 | D:1      | Reached XP level 1. HP: 13/13 MP: 3/3
   210 | D:1      | Reached XP level 2. HP: 8/18 MP: 5/5
   214 | D:1      | Learned a level 2 spell: Sticks to Snakes
   493 | D:1      | Reached XP level 3. HP: 13/23 MP: 4/6
  1280 | D:2      | Found a burning altar of Makhleb.
  1393 | D:2      | Reached XP level 4. HP: 28/28 MP: 7/7
  1490 | D:2      | Found a glowing golden altar of the Shining One.
  1651 | D:2      | Learned a level 3 spell: Confuse
  2486 | D:3      | Reached XP level 5. HP: 28/34 MP: 8/8
  2858 | D:3      | Reached skill level 1 in Hexes
  3002 | D:3      | Noticed Ijyb
  3024 | D:3      | Killed Ijyb
  3259 | D:3      | Reached skill level 1 in Shields
  3259 | D:3      | Reached XP level 6. HP: 8/39 MP: 9/9
  3524 | D:4      | Noticed a phantom
  3567 | D:4      | Killed a phantom
  3920 | D:4      | HP: 1/39 [orc priest/+0 whip (3)]
  4451 | D:4      | Reached XP level 7. HP: 45/45 MP: 11/11
  4961 | D:4      | Noticed Blork the orc
  4973 | D:4      | Killed Blork the orc
  5168 | D:5      | Entered Level 5 of the Dungeon
  5177 | D:5      | Noticed Duvessa
  5436 | D:5      | Found Zorodobu's Armour Boutique.
  5487 | D:5      | Found Ymeokum's Gadget Shop.
  5517 | D:5      | Found the +8 trident of the Octopus King {venom, rElec
                  | rPois MR+}
  5831 | D:5      | Noticed Dowan
  5846 | D:5      | Slain by Duvessa

Skill      XL: |  1  2  3  4  5  6  7 |
---------------+----------------------+-----
Transmutations | 3 4 |  4.5
Hexes          | 1 2 |  2.1
Unarmed Combat | 4 |  4.9
Fighting       | 2 |  2.7
Shields        | 1 2 |  2.7
Dodging        | 3 |  3.3
Spellcasting   | 3 |  3.1

Action                   |  1- 3 |  4- 6 |  7- 9 || total
-------------------------+-------+-------+-------++-------
Melee: Unarmed           |    61 |    94 |    82 ||   237
       Constrict         |    22 |    22 |    14 ||    58
       Tentacles         |     7 |    22 |    13 ||    42
       Punch             |     5 |     2 |     3 ||    10
       Kick              |     8 |     6 |     9 ||    23
 Fire: Hunting sling     |    32 |   125 |    26 ||   183
 Cast: Beastly Appendage |     3 |     3 |     5 ||    11
       Sticks to Snakes  |       |       |     6 ||     6
Evoke: Wand              |       |     5 |       ||     5
  Use: Scroll            |     1 |     2 |       ||     3
       Potion            |       |       |     1 ||     1
 Stab: Sleeping          |     3 |       |     1 ||     4
  Eat: Chunk             |     2 |     6 |     3 ||    11
       Ration            |       |     1 |       ||     1
Armor: Skin              |     7 |     5 |    10 ||    22
Dodge: Dodged            |    48 |    52 |    45 ||   145
Block: Buckler           |       |     9 |     9 ||    18
